 Dungeon Crawl Stone Soup version 0.25-a0-292-gaa31f046c4 (webtiles) character file.

Game seed: 1666126030069111303, levelgen mode: classic

509 Borgoz the Chopper (level 7, -12/62 HPs)
             Began as a Hill Orc Monk on Dec 15, 2019.
             Mangled by Menkaure (22 damage)
             ... on level 5 of the Dungeon.
             The game lasted 00:07:46 (4084 turns).

Borgoz the Chopper (Hill Orc Monk)                  Turns: 4084, Time: 00:07:48

Health: -12/62     AC: 10    Str: 16    XL:     7   Next: 19%
Magic:  8/8        EV: 13    Int: 10    God:
Gold:   270        SH:  0    Dex: 13    Spells: 6/6 levels left

rFire    . . .     SeeInvis .   a - +1 hand axe
rCold    . . .     Gourm    .   (no shield)
rNeg     + . .     Faith    .   p - +3 leather armour {rN+}
rPois    .         Spirit   .   i - +0 helmet
rElec    .         Reflect  .   (no cloak)
rCorr    .         Harm     .   l - +2 pair of gloves
MR       .....                  (no boots)
Stlth    ++........             (no amulet)
HPRegen  0.20/turn              (no ring)
MPRegen  0.11/turn              (no ring)

@: lethally poisoned (-12 -> -13)
A: no striking features
a: no special abilities


You were on level 5 of the Dungeon.
You were not hungry.

You visited 1 branch of the dungeon, and saw 4 of its levels.
You also visited: Sewer.

You collected 270 gold pieces.

Inventory:

Hand Weapons
 a - a +1 hand axe (weapon)
Armour
 i - a +0 helmet (worn)
 l - a +2 pair of gloves (worn)
 p - a +3 leather armour of positive energy (worn)
Jewellery
 f - an uncursed ring of flight
Wands
 j - a wand of random effects (15)
Scrolls
 e - 6 scrolls of remove curse
 g - a scroll of enchant armour
 h - 3 scrolls of enchant weapon
 o - 2 scrolls of fear
 q - 2 scrolls of teleportation
 r - 2 scrolls of fog
 t - a scroll of identify
Potions
 b - a potion of mutation
 k - a potion of agility
 m - a potion of haste
 n - a potion of magic {unknown}
 s - a potion of flight
Comestibles
 c - 9 rations


   Skills:
 * Level 5.7 Fighting
 * Level 6.0 Axes
 * Level 3.4 Armour
 * Level 3.7 Dodging
 - Level 1.5 Stealth
 + Level 2.0 Evocations


You had 6 spell levels left.
You didn't know any spells.
Your spell library was empty.

Dungeon Overview and Level Annotations

Branches:
Dungeon (3/15)              Sewer (visited)

Altars:

Annotations:
D:5 Menkaure


Message History

You hit Menkaure.
Menkaure is moderately damaged.
Menkaure calls on the powers of darkness!
Your body is wracked with pain!
* * * LOW HITPOINT WARNING * * *
You barely miss Menkaure.
Menkaure is moderately damaged.
Menkaure calls on the powers of darkness!
Your body is wracked with pain!
* * * LOW HITPOINT WARNING * * *
You fade into invisibility!
Menkaure barely misses you.
You are very lightly contaminated with residual magic.
It was a potion of cancellation.
Your magical effects are unravelling.
You feel magically purged.
Your magical contamination has completely faded away.
You flicker back into view.
You feel sick. Menkaure hits you!!
You die...

#..........#..
##!....#......
##.....#......
#......#......
##.....#......
#####.....##......
##.............###.
#........#.....# ##
#.@##...###.#..#
##M##.#.# #.#..#
...###..##....#
..... #.## ....#
.......(.. ....#
...###..... ...#
.... #... .....


You could see Menkaure.

Vanquished Creatures
  An ogre (D:5)
  A phantom (D:5)
  A crimson imp (D:5)
  Ijyb (D:3)
  Jessica (D:3)
  A worker ant (D:5)
  Robin (D:2)
  8 adders
  A river rat (D:3)
  5 oozes (Sewer)
  7 worms
  A leopard gecko (Sewer)
  An orc (D:3)
  9 bats
  9 giant cockroaches
  16 goblins
  11 hobgoblins
  4 jackals (Sewer)
  3 quokkas
  2 ball pythons
  7 frilled lizards
  6 kobolds
  11 rats
108 creatures vanquished.

Notes
Turn   | Place    | Note
-------+----------+-------------------------------------------
     0 | D:1      | Borgoz the Hill Orc Monk began the quest for the Orb.
     0 | D:1      | Reached XP level 1. HP: 19/19 MP: 1/1
   458 | D:1      | Reached XP level 2. HP: 20/27 MP: 2/2
  1114 | D:2      | Reached skill level 1 in Armour
  1150 | D:2      | Reached XP level 3. HP: 26/33 MP: 3/3
  1756 | D:2      | Noticed Robin
  1763 | D:2      | Reached XP level 4. HP: 34/40 MP: 4/4
  1793 | D:2      | Killed Robin
  2689 | D:3      | Reached skill level 1 in Evocations
  2694 | D:3      | Noticed Ijyb
  2755 | D:3      | Killed Ijyb
  2755 | D:3      | Reached XP level 5. HP: 36/47 MP: 5/5
  2915 | D:3      | Noticed Jessica
  2926 | D:3      | Killed Jessica
  2926 | D:3      | Reached skill level 5 in Axes
  3136 | D:3      | Found a glowing drain.
  3151 | Sewer    | Entered a sewer
  3154 | Sewer    | Reached skill level 5 in Fighting
  3324 | Sewer    | Reached XP level 6. HP: 54/56 MP: 6/6
  3818 | D:3      | You fall into a shaft and drop 2 floors!
  3818 | D:5      | Entered Level 5 of the Dungeon
  4000 | D:5      | Noticed a phantom
  4047 | D:5      | Killed a phantom
  4047 | D:5      | Reached XP level 7. HP: 35/61 MP: 8/8
  4067 | D:5      | Noticed Menkaure
  4078 | D:5      | Reached skill level 6 in Axes
  4084 | D:5      | Mangled by Menkaure

Levels and vault maps discovered:
D:1:      matt_arrival_spirals, layout_basic
D:2:      layout_loops_corners, uniq_robin
D:3:      layout_basic, biasface_ghost_orc_armoury, portal_sewer_entry_e,
          chequers_garden, uniq_ijyb, uniq_jessica
D:5:      layout_cave_pools, first_ration, nicolae_ossuary_entry_catacombs,
          supply_closet_lemuel, nrook_uturn, uniq_prince_ribbit1, uniq_grinder,
          uniq_menkaure

Skill      XL: |  1  2  3  4  5  6  7 |
---------------+----------------------+-----
Armour         | 1 2 3 |  3.4
Fighting       | 4 5 |  5.7
Dodging        | 3 |  3.7
Evocations     | 1 2 |  2.0
Axes           | 5 6 |  6.0
Stealth        | |  1.5

Action                   |  1- 3 |  4- 6 |  7- 9 || total
-------------------------+-------+-------+-------++-------
Melee: Hand axe          |   106 |   328 |    15 ||   449
Throw: Throwing net      |       |     1 |       ||     1
  Use: Scroll            |       |    13 |       ||    13
       Potion            |       |     5 |     2 ||     7
 Stab: Sleeping          |     3 |     2 |       ||     5
       Held in net/web   |       |     1 |       ||     1
       Invisible         |       |     1 |       ||     1
  Eat: Chunk             |     3 |     8 |       ||    11
Armor: Robe              |     6 |       |       ||     6
       Scale mail        |    40 |    64 |       ||   104
       Leather armour    |       |    99 |     6 ||   105
Dodge: Dodged            |    54 |   263 |     5 ||   322

Table legend:
 A = Non-vault XP
 B = Vault XP
 C = Vault XP percentage of total XP
 D = Non-vault monster count
 E = Vault monster count
 F = Vault count percentage of total count
                 A         B        C        D         E       F
            +---------+---------+-------+---------+---------+-------
      Total |     493 |     235 |  32.3 |      61 |      47 |  43.5
            +---------+---------+-------+---------+---------+-------
        D:1 |      19 |       0 |   0.0 |      13 |       0 |   0.0
        D:2 |      90 |      36 |  28.6 |      26 |      13 |  33.3
        D:3 |      53 |     102 |  65.8 |      17 |      10 |  37.0
        D:5 |     331 |       0 |   0.0 |       5 |       0 |   0.0
      Sewer |       0 |      97 | 100.0 |       0 |      24 | 100.0
            +---------+---------+-------+---------+---------+-------
